 Dungeon Crawl Stone Soup version 0.31-a0-889-g1a8549509d (webtiles) character file.

Game seed: 2688624298487680774

92 Kuronicle the Insei (level 4, 0/29 HPs)
             Began as an Octopode Shapeshifter on Aug 17, 2023.
             Slain by an orc priest
             ... wielding a +0 short sword
              (4 damage)
             ... on level 3 of the Dungeon on Oct 16, 2023.
             The game lasted 00:09:01 (1940 turns).

Kuronicle the Insei (Octopode Shapeshifter)         Turns: 1940, Time: 00:09:02

Health: 0/29       AC:  1    Str: 12 (14) XL:     4   Next: 60%
Magic:  4/4        EV: 13    Int:  8 (10) God:
Gold:   102        SH:  0    Dex: 13 (14) Spells: 3/3 levels left

rFire   . .          .
                       - Unarmed
rCold   . . .        (no shield)
rNeg    . . .        (helmet currently unavailable)
rPois   +            (no amulet)
rElec   .            g - ring of poison resistance
rCorr   .            (no ring)
SInv    .            (no ring)
Will    .....        (no ring)
Stlth   +++          (no ring)
HPRegen 0.24/turn    (no ring)
MPRegen 0.09/turn    (no ring)
                     (no ring)

%: no passive effects
@: beast-form
A: beast (slay +2), almost no armour, amphibious, 8 rings, camouflage 1,
gelatinous body 1, (nimble swimmer 1), tentacles
a: Begin Untransformation


You were on level 3 of the Dungeon.
You were a hulking beast.
You visited 1 branch of the dungeon, and saw 3 of its levels.

You collected 102 gold pieces.

Inventory:

Magical Staves
 j - a staff of cold
Jewellery
 g - a ring of poison resistance (left tentacle)
Talismans
 b - a beast talisman (active)
 c - a flux talisman
 f - a flux talisman
Scrolls
 d - a scroll of noise {unknown}
Potions
 a - a potion of lignification
 e - a potion of attraction {unknown}
 h - a potion of heal wounds {unknown}
 i - a potion of degeneration


   Skills:
 * Level 1.7 Fighting
 * Level 2.3 Dodging
 + Level 2.3 Stealth
 + Level 3.9 Unarmed Combat
 + Level 3.7 Shapeshifting


You had 3 spell levels left.
You didn't know any spells.
Your spell library contained the following spells:

 Spells                   Type           Power      Damage    Failure   Level
 Animate Dead             Necr           0%         N/A       99%         4
 Borgnjor's Vile Clutch   Necr/Erth      0%         N/A       100%        5
 Death Channel            Necr           0%         N/A       100%        6


Dungeon Overview and Level Annotations

Branches:
Dungeon (3/15)

Altars:
Vehumet

Shops:
D:2 *


Innate Abilities, Weirdness & Mutations

You are a hulking beast.
Your limbs bulge with bestial killing power. (Slay +2)
You cannot wear most types of armour.
You are amphibious.
You can wear up to eight rings at the same time.
Your skin changes colour to match your surroundings (Stealth+).
Your rubbery body absorbs attacks. (AC +1, EV +1)
((You are camouflaged when in or above water. (Stealth+)))
You have tentacles for arms and can constrict up to eight enemies at once.


Message History

You see here 8 gold pieces.
You now have 102 gold pieces (gained 8).
Found a hand axe.
Found a scroll labelled HOTAAMMAGO.
The helpless rat fails to defend itself.
You tentacle-slap the rat.
You kill the rat!
An orc comes into view. It is wielding a +0 dagger.
The orc shouts!
You hear a shout!
An orc priest comes into view. It is wielding a +0 short sword.
An orc wizard comes into view. It is wielding a +0 dagger.
An orc comes into view. It is wielding a +0 dagger.
An orc priest comes into view. It is wielding a +0 dagger.
The orc priest shouts!
The orc priest invokes the aid of Beogh against you.
Beogh smites you! The orc attacks as it pursues you! The orc barely misses you.
The orc attacks as it pursues you! The orc misses you.
The orc attacks as it pursues you! The orc hits you with a +0 dagger.
The orc attacks as it pursues you! The orc hits you with a +0 dagger.
The orc attacks as it pursues you! The orc misses you.
You bludgeon the orc!
You kill the orc!
Things that are here:
a +0 dagger; an orc corpse The orc priest attacks as it pursues you!
The orc priest hits you with a +0 short sword.
* * * LOW HITPOINT WARNING * * *
You tentacle-slap the orc priest. Your grab misses the orc priest.
The orc priest is moderately wounded.
The orc priest hits you but does no damage.
You tentacle-slap the orc priest. Your grab misses the orc priest.
The orc priest is heavily wounded.
The orc priest hits you with a +0 short sword.
* * * LOW HITPOINT WARNING * * *
It was a potion of degeneration.
There was something very wrong with that liquid.
You feel weakened.
You feel dopey.
You feel clumsy.
The orc priest hits you with a +0 short sword.
You die...

#+# ### ##.## ##.## ##### ##
#...###...###.... .
.....#.....#..# #.#
..>..'.....'.#########.#
.....#.....#...........#####
#...###...###...............
##.## ##.##
####h#####.########
.#'#...### ##o# ##.##......
..†..⌠..+ +.o####......####
.#+#...## ##....o......o..#
## #.## #...#..#o.#..#.. #
## #.#..#..#..#..#.
#..#..#..#.?#...
#...#..#..#..#..
#.#..#..#..#..#.


You could see 2 orc priests.

Vanquished Creatures
  An adder (D:2)
  2 worms
  5 orcs (D:3)
  2 ball pythons
  10 endoplasms
  6 giant cockroaches
  8 hobgoblins
  5 jackals
  4 kobolds
  2 quokkas (D:1)
  4 bats
  4 frilled lizards
  4 goblins
  5 rats
62 creatures vanquished.

Notes
Turn   | Place    | Note
-------+----------+-------------------------------------------
     0 | D:1      | Kuronicle the Octopode Shapeshifter began the quest for the
                  | Orb.
     0 | D:1      | Reached XP level 1. HP: 13/13 MP: 1/1
    60 | D:1      | Reached XP level 2. HP: 18/18 MP: 2/2
   388 | D:1      | Reached skill level 1 in Stealth
   389 | D:1      | Reached XP level 3. HP: 16/23 MP: 3/3
   578 | D:1      | Upgraded the game from 0.31-a0-564-g3b7de120b3 to
                  | 0.31-a0-609-g7bf6ffcfed
  1022 | D:2      | Upgraded the game from 0.31-a0-609-g7bf6ffcfed to
                  | 0.31-a0-889-g1a8549509d
  1153 | D:2      | Reached XP level 4. HP: 28/28 MP: 4/4
  1348 | D:2      | Found Behaepsi's Assorted Antiques.
  1478 | D:2      | Found a radiant altar of Vehumet.
  1940 | D:3      | Slain by an orc priest

Illustrated notes

Levels and vault maps discovered:
D:1:      dpeg_arrival_simpleton_b, layout_loops_ring
D:2:      layout_loops_ring, basic_altar, serial_shops, nicolae_shop_statue_plus
D:3:      layout_basic, grunt_temple_overflow_octagram,
          minmay_misc_feat_diagonals, nicolae_hexahallways, uniq_natasha

Skill      XL: |  1  2  3 |
---------------+----------+-----
Stealth        | 1 2 |  2.3
Fighting       | |  1.7
Dodging        | |  2.3
Unarmed Combat | |  3.9
Shapeshifting  | |  3.7

Action                     |  1- 3 |  4- 6 || total
---------------------------+-------+-------++-------
  Melee: Unarmed           |    76 |    35 ||   111
         Tentacles         |    17 |     4 ||    21
         Constrict         |    17 |     6 ||    23
         Punch             |     3 |       ||     3
    Use: Scroll            |     5 |       ||     5
         Potion            |       |     1 ||     1
   Stab: Sleeping          |    12 |     8 ||    20
 Armour: Skin              |     7 |    13 ||    20
  Dodge: Dodged            |    34 |    14 ||    48
   Form: Beast             |       |     1 ||     1
         Flux              |       |     1 ||     1

Table legend: (Time is in decaauts)
 A = Elapsed time spent in this place.
 B = Non-inter-level travel time spent in this place.
 C = Inter-level travel time spent in this place.
 D = Time resting spent in this place.
 E = Time spent auto-exploring this place.
 F = Levels seen in this place.
 G = Mean time per level.
                   A        B        C        D        E       F      G
               +--------+--------+--------+--------+--------+-----+--------+
         Total |   1933 |   1823 |    110 |      0 |   1301 |   3 |  644.3 |
       Dungeon |   1933 |   1823 |    110 |      0 |   1301 |   3 |  644.3 |
               +--------+--------+--------+--------+--------+-----+--------+

Top non-repeatable levels by time:
     D:1: 977 daAuts
     D:2: 830 daAuts
     D:3: 125 daAuts
